 Dungeon Sprint DCSS version 0.17-a0-1667-g4ca74a1 (webtiles) character file.

1107 Kidiri the Covert (level 8, -4/32 HPs)
             Began as a Spriggan Enchanter on Aug 17, 2015.
             Was a Believer of Dithmenos.
             Killed from afar by Josephine (26 damage)
             ... with a ghostly fireball
             ... in the Dungeon (Sprint III: "The Ten Rune Challenge").
             The game lasted 00:05:43 (687 turns).

Kidiri the Covert (Spriggan Enchanter)               Turns: 687, Time: 00:05:43

Health: -4/32      AC:  2    Str:  6    XL:     8   Next: 11%
Magic:  0/22       EV: 29    Int: 17    God:    Dithmenos [**....]
Gold:   70         SH:  0    Dex: 20    Spells: 7 memorised, 6 levels left

rFire  . . .     SeeInvis +     a - +2 dagger
rCold  . . .     Rnd*Rage +     b - +1 robe
rNeg   . . .     SustAt   .     (shield restricted)
rPois  .         Gourm    .     (helmet restricted)
rElec  .         Spirit   .     (no cloak)
rCorr  .         Warding  .     (gloves unavailable)
rMut   .         NoTele   +     (boots unavailable)
MR     +....                    (no amulet)
Stlth  ++++......               (no ring)
                                (no ring)

@: wreathed by umbra, very quick, somewhat resistant to hostile enchantments,
stealthy
A: unfitting armour, see invisible, agile 1, berserk 1, deformed body, herbivore
3, speed 3, frail 1, slow metabolism 2, strong 1
a: Shadow Step, Renounce Religion


You were in the Dungeon.
You worshipped Dithmenos.
Dithmenos was pleased with you.
You were not hungry.

You visited 1 branch You collected 70 gold pieces.

Inventory:

Hand weapons
 a - a +2 dagger (weapon)
Armour
 b - a +1 robe (worn)
Scrolls
 j - a scroll of blinking
Potions
 e - 2 potions of curing
 f - 2 potions of heal wounds
 g - a potion of haste
 h - 2 potions of magic
 i - 2 potions of berserk rage
 k - a potion of might
Books
 c - a book of the Tempests

   Spells                             Type                      Level
   a - Static Discharge               Conjuration/Air              3
   b - Lightning Bolt                 Conjuration/Air              5
   c - Fireball                       Conjuration/Fire             5
   d - Tornado                        Air                          9
   e - Shatter                        Earth                        9
Comestibles
 d - 2 bread rations
 r - 2 royal jellies


   Skills:
 + Level 6.0 Short Blades
 * Level 11.5 Dodging
 * Level 12.8 Stealth
 * Level 9.9 Spellcasting
 + Level 3.7 Conjurations
 + Level 7.6 Hexes
 + Level 4.0 Ice Magic
 + Level 2.2 Air Magic
 - Level 2.4 Invocations


You had 6 spell levels left.
You knew the following spells:

 Your Spells              Type           Power        Failure   Level  Hunger
a - Corona                Hex            ####...      1%          1    None
b - Ensorcelled Hibernat  Hex/Ice        ####..       1%          2    None
c - Confuse               Hex            ####....     1%          3    None
d - Tukima's Dance        Hex            ####....     1%          3    None
e - Dazzling Spray        Conj/Hex       ####....     2%          3    None
f - Static Discharge      Conj/Air       ###.....     10%         3    None
g - Lightning Bolt        Conj/Air       ###.......   82%         5    #####..


Dungeon Overview and Level Annotations

Branches:
Dungeon (1/1)

Altars:
Cheibriados
Dithmenos
Elyvilon
Fedhas
Gozag
Kikubaaqudgha
Makhleb
Nemelex Xobeh
Okawaru
Qazlal
Ru
Sif Muna
Trog
Vehumet
Xom
Yredelemnul
Zin
The Shining One
Jiyva
Lugonu

Annotations:
D Josephine


Innate Abilities, Weirdness & Mutations

You are tiny and cannot use many weapons and most armour.
You have supernaturally acute eyesight.
You are a herbivore.
You cover ground extremely quickly.
You need consume almost no food.
You are agile. (Dex +2)
You tend to lose your temper in combat.
Armour fits poorly on your strangely shaped body.
You are frail (-10% HP).
Your muscles are strong. (Str +2)


Message History

Aiming: Confuse
Press: ? - help, Shift-Dir - straight line, f/p - Josephine
Aim: Josephine, wearing an embroidered robe (black smoke, lightly wounded, umbra, chance to defeat MR: 28%) Josephine resists with almost no effort.
Your dagger hits Josephine.
Josephine says, "I'll make a rug of your skin."
Josephine hits you!
Your dagger barely misses Josephine.
You hit Josephine.
Josephine is lightly wounded.
Your dagger hits Josephine. Josephine completely misses you.
You hit Josephine.
Josephine is moderately wounded.
Your dagger hits Josephine but does no damage.
You hit Josephine but do no damage.
Josephine is moderately wounded.
Your dagger hits Josephine but does no damage.
Josephine points at you and mumbles some strange words.
The ghostly flame explodes!
The ghostly fireball engulfs you!
Ouch! That really hurt!
You die...

..#___#__[#__#
..#)..#..)#[_#
..###+#+###+##
..#..........#
..'.⌠........#
..#...######'#
..#.⌠.#__#...#+#####
..#...#__#...#§§≈§≈+
..#+###__#...#.#@§§#
..#.))#__#...'.#@(§#
..#___#_.+...#.#§§§#
▓▓▓▓▓▓▓▓▓▓▓▓▓▓▓▓▓▓▓▓


You could see Josephine and a friendly dagger.

Vanquished Creatures
  A deep elf priest (D)
  A shadow (D)
  A spatial vortex (D)
  A water elemental (D)
  A scorpion (D)
  A wizard (D)
  A jelly (D)
  A necromancer (D)
  3 humans (D)
  A kobold demonologist (D)
  An ooze (D)
  3 rats (D)
16 creatures vanquished.

Vanquished Creatures (others)
  2 draconian scorchers (D)
  3 yaktaurs (D)
  A necrophage (D)
6 creatures vanquished.

Grand Total: 22 creatures vanquished

Notes
Turn   | Place    | Note
--------------------------------------------------------------
     0 | D        | Kidiri the Spriggan Enchanter began the quest for the Orb.
     0 | D        | Reached XP level 1. HP: 9/9 MP: 5/5
    12 | D        | Reached skill level 5 in Stealth
    24 | D        | Killed a yaktaur
   114 | D        | Noticed a scorpion
   117 | D        | Killed a scorpion
   117 | D        | Reached skill level 6 in Dodging
   117 | D        | Reached skill level 7 in Stealth
   117 | D        | Reached skill level 5 in Spellcasting
   117 | D        | Reached XP level 2. HP: 13/13 MP: 6/9
   117 | D        | Reached XP level 3. HP: 16/16 MP: 6/10
   125 | D        | Learned a level 2 spell: Ensorcelled Hibernation
   129 | D        | Learned a level 3 spell: Confuse
   139 | D        | Learned a level 3 spell: Tukima's Dance
   143 | D        | Learned a level 3 spell: Dazzling Spray
   152 | D        | Killed a yaktaur
   152 | D        | Killed a yaktaur
   175 | D        | Reached XP level 4. HP: 21/21 MP: 12/12
   214 | D        | Gained mutation: You are frail (-10% HP). [potion of mutation]
   214 | D        | Gained mutation: You tend to lose your temper in combat. [potion of mutation]
   215 | D        | Gained mutation: Armour fits poorly on your strangely shaped body. [potion of mutation]
   215 | D        | Gained mutation: You are agile. (Dex +2) [potion of mutation]
   216 | D        | Gained mutation: Your muscles are strong. (Str +2) [potion of beneficial mutation]
   298 | D        | Killed a white draconian scorcher
   308 | D        | Killed a white draconian scorcher
   414 | D        | Noticed a water elemental
   417 | D        | Killed a water elemental
   417 | D        | Reached skill level 8 in Stealth
   417 | D        | Reached skill level 1 in Conjurations
   417 | D        | Reached skill level 5 in Hexes
   417 | D        | Reached skill level 1 in Ice Magic
   417 | D        | Reached XP level 5. HP: 21/21 MP: 12/14
   426 | D        | Noticed a jelly
   427 | D        | Noticed a shadow
   429 | D        | Killed a shadow
   429 | D        | Reached skill level 9 in Dodging
   429 | D        | Reached skill level 10 in Stealth
   429 | D        | Reached XP level 6. HP: 25/25 MP: 13/17
   433 | D        | Killed a jelly
   458 | D        | Found a stormy altar of Qazlal.
   459 | D        | Found a sacrificial altar of Ru.
   459 | D        | Found a burning altar of Makhleb.
   459 | D        | Found a viscous altar of Jiyva.
   459 | D        | Found a shimmering altar of Xom.
   459 | D        | Found a shadowy altar of Dithmenos.
   459 | D        | Found a sparkling altar of Nemelex Xobeh.
   459 | D        | Found a corrupted altar of Lugonu.
   459 | D        | Found an opulent altar of Gozag.
   459 | D        | Noticed a spatial vortex
   460 | D        | Killed a spatial vortex
   460 | D        | Reached skill level 5 in Short Blades
   460 | D        | Reached skill level 10 in Dodging
   460 | D        | Reached skill level 11 in Stealth
   464 | D        | Became a worshipper of Dithmenos the Shadowed
   489 | D        | Found a radiant altar of Vehumet.
   490 | D        | Found a deep blue altar of Sif Muna.
   490 | D        | Found an ancient bone altar of Kikubaaqudgha.
   490 | D        | Noticed a wizard
   491 | D        | Killed a wizard
   507 | D        | Learned a level 3 spell: Static Discharge
   513 | D        | Learned a level 5 spell: Lightning Bolt
   523 | D        | Found a glowing silver altar of Zin.
   524 | D        | Found a glowing golden altar of the Shining One.
   524 | D        | Found a white marble altar of Elyvilon.
   524 | D        | Noticed a deep elf priest
   526 | D        | Killed a deep elf priest
   526 | D        | Reached skill level 12 in Stealth
   526 | D        | Reached skill level 1 in Air Magic
   526 | D        | Reached skill level 1 in Invocations
   526 | D        | Reached XP level 7. HP: 28/28 MP: 18/20
   538 | D        | Found an iron altar of Okawaru.
   539 | D        | Found a bloodstained altar of Trog.
   539 | D        | Noticed a human
   539 | D        | Noticed a human
   542 | D        | Killed a human
   543 | D        | Killed a human
   543 | D        | Acquired Dithmenos's first power
   543 | D        | Reached XP level 8. HP: 32/32 MP: 20/22
   563 | D        | Found a snail-covered altar of Cheibriados.
   563 | D        | Noticed a necrophage
   564 | D        | Found a basalt altar of Yredelemnul.
   564 | D        | Found a blossoming altar of Fedhas.
   564 | D        | Noticed a necromancer
   584 | D        | Killed a necrophage
   586 | D        | Killed a necromancer
   676 | D        | Noticed Josephine
   687 | D        | Killed from afar by Josephine

Vault maps used:
D:        dungeon_sprint_mu

Action                   |  1- 3 |  4- 6 |  7- 9 || total
-------------------------+-------+-------+-------++-------
Melee: Dagger            |    10 |     7 |    20 ||    37
 Cast: Ensorcelled Hiber |     1 |       |     1 ||     2
       Tukima's Dance    |       |       |     6 ||     6
       Dazzling Spray    |       |       |     3 ||     3
       Confuse           |       |       |     1 ||     1
       Static Discharge  |       |       |     1 ||     1
  Use: Scroll            |       |     5 |       ||     5
       Potion            |       |     5 |       ||     5
 Stab: Sleeping          |     4 |     7 |     2 ||    13
